[Event "*** SCC Grand Prix: Titled Tuesday Blitz"]
[Site "Chess.com"]
[Date "2020.08.11"]
[Round "5"]
[White "Dedic8"]
[Black "volcanoexplorer"]
[Result "0-1"]
[WhiteElo "2825"]
[BlackElo "2638"]
[TimeControl "180+1"]
[EndTime "10:55:21 PDT"]
[Termination "volcanoexplorer won by resignation"]

1. e4 e5 2. Nf3 Nc6 3. Bb5 a6 4. Ba4 Nf6 5. O-O Be7 6. Re1 b5 7. Bb3 O-O 8. a4 d5 9. axb5 dxe4 10. bxc6 exf3 11. Qxf3 e4 12. Qg3 Bd6 13. Qh4 Re8 14. Nc3 Bf5 15. Bc4 h6 16. Ra5 Bg6 17. Qh3 h5 18. Qh4 Bb4 19. Rg5 Kh7 20. Ne2 Bxd2 21. Bxd2 Qxd2 22. Rf1 Qxc2 23. b3 Rad8 24. g4 e3 25.
gxh5 Bd3 26. Rxg7+ Kxg7 27. Qg5+ Kh7 28. Bxf7 Rg8 29.
Bxg8+ Rxg8 30. Qg3 Qxe2 0-1

[Event "*** SCC Grand Prix: Titled Tuesday Blitz"]
[Site "Chess.com"]
[Date "2020.08.11"]
[Round "5"]
[White "KuzubovYuriy"]
[Black "Mr_Sinigami"]
[Result "1-0"]
[WhiteElo "2826"]
[BlackElo "2611"]
[TimeControl "180+1"]
[EndTime "10:55:21 PDT"]
[Termination "KuzubovYuriy won on time"]

1. d4 Nf6 2. Nf3 g6 3. Nbd2 d5 4. e3 Bg7 5. b4 O-O 6. Be2 c6 7. O-O a5 8. b5 c5 9. c4 cxd4 10. Nxd4 e5 11. Nc2 d4 12. exd4 exd4 13. Bd3 Nbd7 14. Ba3 Re8 15. Nf3 Ng4 16. Ncxd4 Nde5 17. Rc1 Nxd3 18. Qxd3 Bf5 19. Qd2 Be4 20. Rfd1 Bh6 21.
Qc3 Bxc1 22. Rxc1 Bxf3 23. Nxf3 Qf6 24. Qc2 Ne5 25. Nxe5 Qxe5 26. h3 Rad8 27. Bb2 Qf5 28. Qc3 f6 29. c5 Re2 30. Rf1 Rdd2 31. Bc1 1-0

[Event "*** SCC Grand Prix: Titled Tuesday Blitz"]
[Site "Chess.com"]
[Date "2020.08.11"]
[Round "5"]
[White "Djager97"]
[Black "mfwagnerpeixoto"]
[Result "1-0"]
[WhiteElo "2599"]
[BlackElo "2286"]
[TimeControl "180+1"]
[EndTime "10:55:21 PDT"]
[Termination "Djager97 won by resignation"]

1. e4 c5 2. Nf3 Nc6 3. d4 cxd4 4. Nxd4 Nf6 5. Nc3 e6 6. Ndb5 Bb4 7. a3 Bxc3+ 8.
Nxc3 d5 9. exd5 exd5 10. Bd3 O-O 11. O-O d4 12. Ne2 Bg4 13. f3 Bh5 14. Bg5 Qd6 15.
Qd2 Rfe8 16. Nf4 Bg6 17. Nxg6 hxg6 18. Rae1 Rad8 19. Rxe8+ Rxe8 20. Re1 Rd8 21. Qf4 Qxf4 22. Bxf4 Re8 23. Rxe8+ Nxe8 24. Be4 Kf8 25. Bxc6 bxc6 26. Bb8 a6 27. Ba7 d3 28. cxd3 f6 29. Kf2 Kf7 30.
Ke3 Ke6 31. Kd4 Nd6 32. Kc5 Nf5 33. Kxc6 Ne7+ 34. Kc5 Nd5 35. g3 g5 36. b4 Ne3 37.
Bb8 Nf1 38. h3 Nd2 39. f4 Nf1 40. fxg5 fxg5 41. d4 Ne3 42. a4 Nd5 43. b5 axb5 44.
a5 b4 45. Kc4 Kd7 46. Be5 Kc6 47. Bxg7 Ne3+ 48. Kxb4 Nf5 49. Be5 1-0

[Event "*** SCC Grand Prix: Titled Tuesday Blitz"]
[Site "Chess.com"]
[Date "2020.08.11"]
[Round "5"]
[White "Izoria123"]
[Black "CheckThis4"]
[Result "0-1"]
[WhiteElo "2855"]
[BlackElo "2639"]
[TimeControl "180+1"]
[EndTime "10:55:22 PDT"]
[Termination "CheckThis4 won on time"]

1. Nf3 d5 2. e3 Nf6 3. c4 c6 4. Nc3 g6 5. d4 Bg7 6. cxd5 cxd5 7. Bb5+ Bd7 8. Qb3 Nc6 9. Nxd5 Nxd5 10. Qxd5 O-O 11. O-O Qc7 12. Bd2 Rad8 13. Qc5 a6 14. Bxc6 b6 15. Qxe7 Qxc6 16. Rfc1 Qd5 17. Bb4 Bg4 18.
Ne5 Rfe8 19. Qh4 Bf5 20. a3 a5 21. Be7 Rc8 22. Bf6 Bf8 23. f3 Qb3 24. Qf2 Bc2 25. e4 Qxb2 26. Ng4 Qb3 27. d5 h5 28. Ne3 Bd3 29. Qd2 Ba6 30. Rcb1 Qa4 31. Rxb6 Bc4 32.
Bd4 Bb3 33. Qb2 Bc2 0-1

[Event "*** SCC Grand Prix: Titled Tuesday Blitz"]
[Site "Chess.com"]
[Date "2020.08.11"]
[Round "5"]
[White "vovachesss"]
[Black "ShapkinAnatoliy"]
[Result "0-1"]
[WhiteElo "2583"]
[BlackElo "2752"]
[TimeControl "180+1"]
[EndTime "10:55:22 PDT"]
[Termination "ShapkinAnatoliy won by resignation"]

1. c4 c5 2. g3 Nc6 3. Bg2 g6 4. e3 Bg7 5. Ne2 e6 6. d4 cxd4 7. exd4 Nge7 8. d5 exd5 9. cxd5 Ne5 10. O-O d6 11. Nbc3 O-O 12. Bf4 Re8 13. Nd4 a6 14. Re1 Bg4 15. Qc2 Qd7 16. f3 Bh3 17. Rad1 Rac8 18. g4 Bxg2 19. Kxg2 Nxd5 20. Qd2 Nxc3 21. bxc3 Nc4 22. Qd3 d5 23. h4 Rxe1 24. Rxe1 Re8 25. Rb1 b5 26. Bg3 Re3 27. Qc2 Qe8 28. Kf2 Na3 29. Qc1 Nxb1 30. Qxe3 Qxe3+ 31. Kxe3 Nxc3 32. Nc6 Nxa2 33. Ne7+ Kf8 34. Nxd5 Nc3 35. Nc7 a5 36. Kd3 f5 37. Bd6+ Kf7 38. gxf5 gxf5 39. Bc5 Na4 40. Be3 b4 41. Kc4 Nb2+ 42. Kb5 Nd1 43. Bc1 b3 44. Kxa5 b2 45. Bxb2 Bxb2 46. Kb4 Bf6 47.
h5 Ne3 48. Kc5 Kg7 49. Kd6 Bh4 50. Ke5 Kh6 51. Kf4 Bg5+ 52. Ke5 Kxh5 53. Ne6 Bh6 54.
Nd4 Bg7+ 55. Kf4 Bxd4 0-1

[Event "*** SCC Grand Prix: Titled Tuesday Blitz"]
[Site "Chess.com"]
[Date "2020.08.11"]
[Round "5"]
[White "chito89"]
[Black "HonzaVykouk"]
[Result "1-0"]
[WhiteElo "2752"]
[BlackElo "2580"]
[TimeControl "180+1"]
[EndTime "10:55:24 PDT"]
[Termination "chito89 won by resignation"]

1. Nf3 Nf6 2. c4 g6 3. g3 Bg7 4. Bg2 O-O 5. O-O d6 6. d4 c6 7. Nc3 a6 8. e4 Nfd7 9. Qe2 e5 10. dxe5 dxe5 11. Rd1 Qe7 12. b3 a5 13. Na4 Na6 14.
Be3 Re8 15. Rd2 Nac5 16. Nxc5 Nxc5 17. Rad1 Ne6 18. Bb6 a4 19. Qe3 axb3 20. axb3 c5 21. Rd5 Bf8 22. Nxe5 Ra6 23. Nd7 Bxd7 24. Rxd7 Qf6 25.
Rxb7 Nd4 26. Bc7 Qc6 27. e5 Qe6 28. Bd5 Qg4 29. f3 Qh3 30. Qf2 Bh6 31. f4 g5 32. Bd6 Rxd6 33. Bxf7+ Kh8 34. Bxe8 gxf4 35. exd6 f3 36. Re1 1-0

[Event "*** SCC Grand Prix: Titled Tuesday Blitz"]
[Site "Chess.com"]
[Date "2020.08.11"]
[Round "5"]
[White "GMBenjaminBok"]
[Black "ManuDavid2910"]
[Result "1-0"]
[WhiteElo "2903"]
[BlackElo "2637"]
[TimeControl "180+1"]
[EndTime "10:55:25 PDT"]
[Termination "GMBenjaminBok won by resignation"]

1. d4 Nf6 2. c4 e6 3. Nf3 d5 4.
Nc3 c5 5. cxd5 exd5 6. g3 Nc6 7.
Bg2 Bg4 8. dxc5 Bxc5 9. O-O O-O 10. b3 Re8 11. Bb2 h6 12. h3 Bh5 13. e3 Bb6 14.
Ne2 Ne4 15. Nf4 Bxf3 16. Qxf3 d4 17. Rad1 Qf6 18. Qg4 Ne5 19. Qh5 Nc3 20. exd4 Nxd1 21. dxe5 Bxf2+ 22. Rxf2 Qd8 23. e6 fxe6 24. Nxe6 Qd7 25.
Nc5 Re1+ 26. Kh2 Qe8 27. Qg4 Nxb2 28. Rxb2 Qe5 29. Nd3 Qc3 30. Nxe1 Qxb2 31. Nd3 Qxa2 32. Qe6+ Kh8 33. Ne5 Qc2 34. h4 Rf8 35. Ng6+ 1-0

[Event "*** SCC Grand Prix: Titled Tuesday Blitz"]
[Site "Chess.com"]
[Date "2020.08.11"]
[Round "5"]
[White "GMaka"]
[Black "Eternauta2400"]
[Result "0-1"]
[WhiteElo "2346"]
[BlackElo "2510"]
[TimeControl "180+1"]
[EndTime "10:55:25 PDT"]
[Termination "Eternauta2400 won by resignation"]

1. b3 e5 2. Bb2 Nc6 3. e3 d6 4.
Nf3 g6 5. Bb5 Bg7 6. d4 exd4 7.
exd4 Bd7 8. O-O Nge7 9. Qc1 O-O 10.
c4 Nf5 11. d5 Ncd4 12. Nxd4 Nxd4 13. Nc3 Nxb5 14. cxb5 Qh4 15. a4 Be5 16. g3 Qh5 17.
Ne4 f5 18. Bxe5 fxe4 19. Bf4 Bg4 20. h4 Bf3 21. Re1 Qg4 22. Kh2 Rf5 23. Re3 Raf8 24. Rxf3 exf3 25. Qe3 Rxf4 26. gxf4 Qxh4+ 27. Kg1 Rxf4 28. Qe6+ Kg7 29. Qd7+ Kh6 30. Qh3 0-1

[Event "*** SCC Grand Prix: Titled Tuesday Blitz"]
[Site "Chess.com"]
[Date "2020.08.11"]
[Round "5"]
[White "CzechmVIII"]
[Black "Batsai"]
[Result "0-1"]
[WhiteElo "2148"]
[BlackElo "2333"]
[TimeControl "180+1"]
[EndTime "10:55:25 PDT"]
[Termination "Batsai won on time"]

1. e4 c5 2. Nf3 d6 3. d4 cxd4 4.
Nxd4 Nf6 5. Nc3 a6 6. Bg5 e6 7. f4 Nbd7 8. Qf3 Be7 9. O-O-O Qc7 10.
g4 b5 11. Bxf6 Bxf6 12. g5 Be7 13. a3 Rb8 14. Bh3 b4 15. axb4 Rxb4 16. Nf5 exf5 17.
Nd5 Qa5 18. Nxb4 Qxb4 19. exf5 Bb7 20. Qe3 Bxh1 21. Rxh1 d5 22. Re1 Kd8 23. f6 gxf6 24.
Bxd7 Bc5 25. Qg3 Kxd7 26. Rd1 Bd6 27. Qh3+ Kc7 28. Kb1 Rb8 29. b3 Bxf4 30. Qxh7 Qe4 31. Qxf7+ Kc6 32. Qe6+ Qxe6 0-1

[Event "*** SCC Grand Prix: Titled Tuesday Blitz"]
[Site "Chess.com"]
[Date "2020.08.11"]
[Round "5"]
[White "AttilaTurzo"]
[Black "crescentmoon2411"]
[Result "1/2-1/2"]
[WhiteElo "2457"]
[BlackElo "2737"]
[TimeControl "180+1"]
[EndTime "10:55:26 PDT"]
[Termination "Game drawn by repetition"]

1. e4 e6 2. d4 d5 3. Nc3 Bb4 4. e5 c5 5. a3 Bxc3+ 6. bxc3 Ne7 7. Nf3 b6 8. Bb5+ Bd7 9. Bd3 h6 10. O-O Ba4 11. Re1 Qd7 12. Rb1 Nbc6 13. Ba6 c4 14.
Bb5 Bxb5 15. Rxb5 Nxe5 16. a4 Nxf3+ 17. Qxf3 O-O 18. Ba3 Rfe8 19. Bxe7 Rxe7 20. Qe3 Rae8 21. f4 Qc6 22. Qf3 Rb7 23. h3 a6 24. Rb4 b5 25.
axb5 Rxb5 26. f5 exf5 27. Rxe8+ Qxe8 28. Qxf5 Qe6 29. Qf4 Kh7 30. Kh2 f6 31. Qc7 Qe4 32. Rxb5 axb5 33. Qb8 Qxc2 34. Qxb5 Qe4 35. Qb8 f5 36.
Qc7 f4 37. Qf7 f3 38. gxf3 Qe2+ 39. Kg3 Qe1+ 40. Kg2 Qd2+ 41. Kg3 Qe1+ 42. Kg2 Qd2+ 43. Kg3 Qe1+ 1/2-1/2

[Event "*** SCC Grand Prix: Titled Tuesday Blitz"]
[Site "Chess.com"]
[Date "2020.08.11"]
[Round "5"]
[White "Spriteball"]
[Black "dosto07"]
[Result "1-0"]
[WhiteElo "2093"]
[BlackElo "2287"]
[TimeControl "180+1"]
[EndTime "10:55:26 PDT"]
[Termination "Spriteball won by resignation"]

1. c4 e5 2. Nc3 Nf6 3. Nf3 Nc6 4. d3 d5 5. cxd5 Nxd5 6. e3 Be7 7. Be2 O-O 8. O-O Re8 9. a3 a5 10. Qc2 Bg4 11. Re1 Bf8 12. h3 Bh5 13. Ne4 Qd7 14. Bd2 f6 15. Rac1 Bf7 16. Nc5 Bxc5 17. Qxc5 a4 18.
d4 e4 19. Nh2 f5 20. Bb5 Re6 21.
f3 Rg6 22. Kh1 h6 23. fxe4 fxe4 24. Ng4 Qd8 25. Rf1 Qg5 26. Rxf7 Kxf7 27. Bxc6 Rxc6 28. Ne5+ Qxe5 29. dxe5 Rxc5 30. Rxc5 c6 31. Rc4 Ke6 32. Rxe4 Rf8 33. Kg1 Rf5 34. Rg4 g5 35. e4 Rf7 36.
exd5+ Kxd5 37. Bc3 b5 38. Rd4+ Kc5 39. Rd6 Rf4 40.
Bb4+ Kb6 41. Rxh6 Re4 42. Re6 Re2 43. Bc3 Kc5 44. Rg6 Kd5 45. Rxg5 c5 46. e6+ Kxe6 47. Rxc5 Kd6 48. Rxb5 Kc6 49. Ra5 Kb6 50. Rxa4 Kb5 51.
Rb4+ Kc5 52. h4 1-0

[Event "*** SCC Grand Prix: Titled Tuesday Blitz"]
[Site "Chess.com"]
[Date "2020.08.11"]
[Round "5"]
[White "Korona_91"]
[Black "abhidabhi"]
[Result "0-1"]
[WhiteElo "2489"]
[BlackElo "2781"]
[TimeControl "180+1"]
[EndTime "10:55:27 PDT"]
[Termination "abhidabhi won by resignation"]

1. e4 e5 2. Nf3 Nc6 3. Bc4 Bc5 4. d3 Nf6 5. Nc3 d6 6. Bg5 h6 7. Bxf6 Qxf6 8. Nd5 Qd8 9. c3 a6 10. d4 Ba7 11. dxe5 dxe5 12. Qe2 b5 13. Bb3 Be6 14. Rd1 Qc8 15. a4 Rb8 16. axb5 axb5 17. O-O Bc5 18. c4 Na5 19. Ba2 c6 20. Nxe5 Nxc4 21. Nxc4 bxc4 22.
Bxc4 Bg4 23. Nc7+ Ke7 24. Qd2 Qxc7 25. Rc1 Rhd8 26. Qc3 Bd4 27. Qa3+ Qd6 28. Qd3 Rxb2 29. h3 Be2 30. Qxe2 Rxe2 31. Bxe2 Ra8 32. Bc4 Rb8 33. Rfd1 Rb2 34. Rf1 c5 35. Kh1 Rxf2 36. Rxf2 Bxf2 37. Rf1 Qg3 38. e5 f6 39. e6 Qc3 40. Bd5 Qd3 0-1

[Event "*** SCC Grand Prix: Titled Tuesday Blitz"]
[Site "Chess.com"]
[Date "2020.08.11"]
[Round "5"]
[White "Euge_chess"]
[Black "SHIVACalypso"]
[Result "0-1"]
[WhiteElo "2073"]
[BlackElo "2309"]
[TimeControl "180+1"]
[EndTime "10:55:27 PDT"]
[Termination "SHIVACalypso won on time"]

1. e4 e6 2. d4 d5 3. exd5 exd5 4. c4 Nf6 5. Nf3 Bb4+ 6. Nc3 O-O 7. Be2 dxc4 8. Bxc4 Bg4 9. Be3 Nc6 10. Be2 Ne4 11. Qb3 Bxc3+ 12. bxc3 Qd6 13. h3 Bh5 14. O-O b6 15.
Rad1 Ne7 16. g4 Bg6 17. Ne5 Nd5 18. Bf3 Rfe8 19. Bc1 Rad8 20. c4 Ndc3 21. Ba3 c5 22.
dxc5 Qxe5 23. Rxd8 Rxd8 24. cxb6 axb6 25. Bb2 Rd3 26.
Qxb6 h6 27. Bg2 Rd2 28. Bxc3 Nxc3 29. Kh1 Ne2 30. Qb3 Nf4 31. Qf3 Nxg2 32. Kxg2 Be4 0-1

[Event "*** SCC Grand Prix: Titled Tuesday Blitz"]
[Site "Chess.com"]
[Date "2020.08.11"]
[Round "5"]
[White "olksuna"]
[Black "VerdeNotte"]
[Result "0-1"]
[WhiteElo "2634"]
[BlackElo "2876"]
[TimeControl "180+1"]
[EndTime "10:55:28 PDT"]
[Termination "VerdeNotte won on time"]

1. Nf3 g6 2. e4 c5 3. d4 cxd4 4. Nxd4 Nc6 5. c4 Nf6 6. Nc3 d6 7. Nc2 Bg7 8. Be2 O-O 9. O-O Nd7 10. Bd2 Nc5 11. f3 Qb6 12. Kh1 Qxb2 13. Rb1 Bxc3 14. Rxb2 Bxb2 15. Bh6 Bg7 16. Bxg7 Kxg7 17. Ne3 Be6 18.
Nd5 Rac8 19. Qa1+ f6 20. Rb1 b6 21. h3 Kf7 22. Kh2 Bd7 23. Qc3 e5 24. Rd1 Be6 25.
Qe3 Kg7 26. Nc3 Nd4 27. Rxd4 exd4 28. Qxd4 Rfd8 29. f4 Bf7 30. Bg4 Ne6 31. Qe3 Rxc4 32. Nd5 Nc5 33. Bf3 Re8 34. Qa3 Ra4 35. Qc1 Bxd5 36. exd5 Rxa2 37. h4 Ra4 38. h5 a5 39.
Kg3 Rb4 40. Qh1 Ne4+ 41. Kh2 Nd2 42. Bg4 Rxf4 0-1

[Event "*** SCC Grand Prix: Titled Tuesday Blitz"]
[Site "Chess.com"]
[Date "2020.08.11"]
[Round "5"]
[White "xamax2000"]
[Black "Andreikka"]
[Result "1-0"]
[WhiteElo "2632"]
[BlackElo "2823"]
[TimeControl "180+1"]
[EndTime "10:55:28 PDT"]
[Termination "xamax2000 won on time"]

1. e4 e5 2. Nf3 Nc6 3. Bb5 a6 4. Ba4 Nf6 5. O-O Be7 6. Re1 b5 7. Bb3 O-O 8. c3 d5 9. exd5 Nxd5 10. Nxe5 Nxe5 11. Rxe5 c6 12. d3 Bd6 13. Re1 Bf5 14. Qf3 Qh4 15. g3 Qh3 16. Be3 Bxd3 17. Nd2 Bf5 18. Bd4 Rad8 19. a4 Bg4 20. Qg2 Qh6 21.
Ne4 Be7 22. axb5 axb5 23. Ra6 Bc8 24. Ra7 Rd7 25. Ra8 Rdd8 26. Ra7 Bh3 27. Qf3 Rd7 28.
Rxd7 Bxd7 29. Nc5 Bh3 30. Bxd5 cxd5 31. Nd7 Rd8 32. Ne5 Bf6 33. Nc6 Rc8 34. Bxf6 1-0

[Event "*** SCC Grand Prix: Titled Tuesday Blitz"]
[Site "Chess.com"]
[Date "2020.08.11"]
[Round "5"]
[White "djano"]
[Black "Legendinunknown"]
[Result "0-1"]
[WhiteElo "2410"]
[BlackElo "2583"]
[TimeControl "180+1"]
[EndTime "10:55:28 PDT"]
[Termination "Legendinunknown won on time"]

1. d4 Nf6 2. Bf4 g6 3. Nc3 d5 4. e3 Bg7 5. h4 h5 6. Nf3 O-O 7.
Ne5 Bf5 8. Bd3 e6 9. f3 Nbd7 10. Be2 c5 11. Qd2 Nxe5 12. Bxe5 Qb6 13. Na4 Qb4 14.
Qxb4 cxb4 15. Kd2 Rfc8 16. Rhc1 Nd7 17. Bxg7 Kxg7 18. a3 bxa3 19. Rxa3 a6 20. b4 e5 21. c3 exd4 22. exd4 a5 23. b5 b6 24. c4 dxc4 25.
Rxc4 Rxc4 26. Bxc4 Rc8 27. Rc3 Kf6 28. Bd5 Rxc3 29.
Kxc3 g5 30. hxg5+ Kxg5 31. Bxf7 h4 32. Be8 Kf4 33. Bxd7 Bxd7 34. Nxb6 Bxb5 35. d5 Kg3 36. d6 Kxg2 37. Nd5 Kxf3 38. Nc7 Bd7 39. Nd5 h3 0-1

[Event "*** SCC Grand Prix: Titled Tuesday Blitz"]
[Site "Chess.com"]
[Date "2020.08.11"]
[Round "5"]
[White "Carnivoras"]
[Black "Bigfish1995"]
[Result "0-1"]
[WhiteElo "2651"]
[BlackElo "2969"]
[TimeControl "180+1"]
[EndTime "10:55:29 PDT"]
[Termination "Bigfish1995 won by resignation"]

1. d4 f5 2. Nf3 Nf6 3. Bf4 e6 4. e3 b6 5. Be2 Bb7 6. h3 Be7 7.
O-O O-O 8. Nbd2 h6 9. a4 g5 10.
Bh2 d6 11. a5 Qe8 12. Ne1 Qg6 13. Bf3 Bxf3 14. Qxf3 Nbd7 15. axb6 cxb6 16. Nd3 Rfc8 17.
c3 a5 18. Qe2 h5 19. Rfe1 d5 20.
Nf3 g4 21. Nfe5 Nxe5 22. Nxe5 Qg7 23. Kh1 Kh7 24. Bf4 Rg8 25. Rg1 Bd6 26. Nd3 Qc7 27.
Bxd6 Qxd6 28. Ne5 Rg7 29. c4 dxc4 30. Qxc4 Rc7 31. Qe2 Rac8 32. Rgd1 Ne4 33. Qe1 Rc2 34. Nd3 gxh3 35. gxh3 Rg8 36. Rac1 Nxf2+ 37. Nxf2 Qg3 38. Qg1 Qf3+ 39. Kh2 Rxf2+ 0-1

[Event "*** SCC Grand Prix: Titled Tuesday Blitz"]
[Site "Chess.com"]
[Date "2020.08.11"]
[Round "5"]
[White "vladislavkovalev"]
[Black "Fighterman91"]
[Result "1-0"]
[WhiteElo "2876"]
[BlackElo "2623"]
[TimeControl "180+1"]
[EndTime "10:55:30 PDT"]
[Termination "vladislavkovalev won by resignation"]

1. e4 c5 2. Be2 Nc6 3. d3 g6 4.
f4 Bg7 5. Nf3 d6 6. O-O Bg4 7.
c3 e6 8. Be3 Nge7 9. Nbd2 O-O 10. a3 b5 11. Rc1 a5 12. d4 c4 13. h3 Bxf3 14. Nxf3 d5 15. e5 Nf5 16. Bf2 b4 17.
g4 Nfe7 18. a4 bxc3 19. bxc3 Rb8 20. Qc2 Qb6 21. Rb1 Qc7 22. Be3 Rxb1 23. Rxb1 Rb8 24. Bc1 Rxb1 25. Qxb1 Qb8 26. Qc2 Bf8 27. Kf2 h6 28.
Bd1 Bg7 29. Qa2 Bf8 30. Bc2 Bg7 31. Qa1 Qb6 32. Ba3 Bf8 33. Qd1 Nc8 34. Bc1 Bg7 35. Kg2 N8e7 36. Nh2 Kf8 37. Nf1 Ke8 38. Ng3 Kd7 39. h4 Nd8 40. h5 Kc7 41. Qf3 Qc6 42. Kh3 Qd7 43. Kh2 Kc8 44. Ba3 Ndc6 45. f5 gxf5 46. gxf5 Bf8 47. f6 Ng8 1-0

[Event "*** SCC Grand Prix: Titled Tuesday Blitz"]
[Site "Chess.com"]
[Date "2020.08.11"]
[Round "5"]
[White "mortngabriel"]
[Black "creativity"]
[Result "1-0"]
[WhiteElo "2458"]
[BlackElo "2015"]
[TimeControl "180+1"]
[EndTime "10:55:30 PDT"]
[Termination "mortngabriel won on time"]

1. d4 f6 2. e4 e6 3. Nf3 d5 4.
Bd3 g6 5. h4 h5 6. e5 f5 7. Bg5 Be7 8. O-O Nd7 9. Nc3 c6 10.
Ne2 Nf8 11. Nf4 Kf7 12. c4 Nh7 13. Bxe7 Qxe7 14. Rc1 Nh6 15. Qb3 Rd8 16. Rc2 Bd7 17.
Qxb7 Rdb8 18. Qc7 Rc8 19. Qa5 Kg7 20. Rfc1 Be8 21. cxd5 exd5 22. Nxd5 Qd8 23. Qxd8 Rxd8 24. Nc7 Rab8 25. Ne6+ Kf7 26. Nxd8+ Rxd8 27. d5 cxd5 28. Rc7+ Kg8 29. Nd4 Ng4 30. f4 Ne3 31. Rxa7 Nc4 32.
b3 Nd2 33. Rcc7 Nf8 34. e6 Rb8 35. Rg7+ Kh8 36. Rgb7 1-0

[Event "*** SCC Grand Prix: Titled Tuesday Blitz"]
[Site "Chess.com"]
[Date "2020.08.11"]
[Round "5"]
[White "Angel_Hranitel_37"]
[Black "RobPeresian"]
[Result "1-0"]
[WhiteElo "2443"]
[BlackElo "2237"]
[TimeControl "180+1"]
[EndTime "10:55:30 PDT"]
[Termination "Angel_Hranitel_37 won by resignation"]

1. d4 Nf6 2. Nf3 e6 3. c4 d5 4.
g3 dxc4 5. Bg2 Nc6 6. O-O Rb8 7. Nc3 b5 8. Bg5 Be7 9. Ne5 Nxe5 10. dxe5 Nd7 11.
Be3 Bc5 12. Qd2 O-O 13. Rfd1 Qe7 14. a4 a6 15. axb5 axb5 16. Ne4 Bxe3 17. Qxe3 Bb7 18. Nf6+ Nxf6 19. exf6 Qxf6 20. Bxb7 Rxb7 21. Rd7 Qxb2 22.
Ra5 c3 23. Qc5 g6 24. Qe5 Qb1+ 25. Kg2 c2 26. Rxf7 Rxf7 27. Ra8+ Rf8 28. Qxe6+ Kg7 29. Qe7+ Rf7 30. Qe5+ Kh6 31. Qe3+ g5 32. Qe6+ Kg7 33. Qe5+ Kg6 34. Rg8+ 1-0

[Event "*** SCC Grand Prix: Titled Tuesday Blitz"]
[Site "Chess.com"]
[Date "2020.08.11"]
[Round "5"]
[White "Nara_Kh"]
[Black "talaicito"]
[Result "1-0"]
[WhiteElo "2316"]
[BlackElo "2097"]
[TimeControl "180+1"]
[EndTime "10:55:30 PDT"]
[Termination "Nara_Kh won by resignation"]

1. e4 e5 2. Nf3 Nc6 3. Bb5 a6 4. Ba4 Nf6 5. O-O b5 6. Bb3 Be7 7. d3 d6 8. h3 Na5 9. Re1 O-O 10. Nbd2 c5 11. c3 Nxb3 12. axb3 Bb7 13. d4 cxd4 14.
cxd4 exd4 15. Nxd4 Qb6 16. Nf5 Rfe8 17. Qf3 Bf8 18.
Nh6+ gxh6 19. Qxf6 Bg7 20. Qf5 Re5 21. Qg4 Rae8 22.
Nf3 Rxe4 23. Rxe4 Rxe4 24. Qf5 Re2 25. Be3 Qc6 26. Rc1 Qe8 27. Rc7 Bxf3 28. Qxf3 Re1+ 29. Kh2 Be5+ 30. g3 Qe6 31. Qh5 Kg7 32. h4 Bxg3+ 33.
Kxg3 Rxe3+ 34. fxe3 Qxe3+ 35. Qf3 Qe1+ 36. Qf2 Qe4 37.
Rxf7+ 1-0

[Event "*** SCC Grand Prix: Titled Tuesday Blitz"]
[Site "Chess.com"]
[Date "2020.08.11"]
[Round "5"]
[White "Roza_Idrisova"]
[Black "MoreChessJulia"]
[Result "0-1"]
[WhiteElo "2198"]
[BlackElo "1865"]
[TimeControl "180+1"]
[EndTime "10:55:30 PDT"]
[Termination "MoreChessJulia won by resignation"]

1. d4 g6 2. Nf3 Bg7 3. c4 c5 4. d5 d6 5. e4 Bg4 6. Be2 Nd7 7. O-O Ngf6 8. Nc3 Bxf3 9. Bxf3 Ne5 10. Be2 a6 11. f4 Ned7 12. Bf3 O-O 13. Re1 Qc7 14. Be3 Rfb8 15. a4 Ne8 16. Qd2 f5 17. Bf2 fxe4 18.
Rxe4 Ndf6 19. Re6 Qd7 20. Rae1 Bf8 21. f5 Nc7 22. fxg6 hxg6 23. R6e2 b5 24. axb5 axb5 25. Qg5 Kg7 26. Be3 bxc4 27. Ne4 Ncxd5 28. Nxf6 Nxf6 29. Bxa8 Rxa8 30. Qh4 e6 31. Bg5 Nh5 32. Rxe6 Ra1 33. Qe4 Rxe1+ 34. Qxe1 d5 35. Qe5+ Kh7 36. g4 Ng7 37.
Rf6 Qxg4+ 38. Qg3 Qxg3+ 39. hxg3 Be7 40. Bh4 Bxf6 41. Bxf6 Ne6 42. Kf2 g5 43. Ke3 Kg6 44.
Be7 Kf5 45. Kf3 g4+ 46. Ke3 d4+ 47. Ke2 Ke4 48. Kd2 Kf3 49. Bd6 Ng5 50. Bxc5 Ne4+ 51. Kc2 Nxc5 0-1

[Event "*** SCC Grand Prix: Titled Tuesday Blitz"]
[Site "Chess.com"]
[Date "2020.08.11"]
[Round "5"]
[White "XDPS"]
[Black "Oleksandr_Bortnyk"]
[Result "0-1"]
[WhiteElo "2653"]
[BlackElo "2978"]
[TimeControl "180+1"]
[EndTime "10:55:31 PDT"]
[Termination "Oleksandr_Bortnyk won on time"]

1. Nf3 Nf6 2. b3 d5 3. Bb2 Bf5 4. g3 h6 5. Bg2 e6 6. O-O Be7 7.
d3 Bh7 8. Nbd2 O-O 9. Ne5 c5 10. c4 Nc6 11. cxd5 exd5 12. Nxc6 bxc6 13. Rc1 Qa5 14.
a3 Rab8 15. Qc2 Rb7 16. Bc3 Qa6 17. Bxf6 gxf6 18. Qa2 Rfb8 19. Rfe1 c4 20. dxc4 Qxa3 21. Qxa3 Bxa3 22. cxd5 Bxc1 23. Rxc1 cxd5 24. Bxd5 Rd7 25. e4 f5 26. f3 fxe4 27. fxe4 Kg7 28. Rc5 f5 29. exf5 Rbd8 30. f6+ Kxf6 31. Ne4+ Bxe4 32. Bxe4 Rd2 33. Rf5+ Ke6 34. Ra5 Rb2 35. Bf3 Rdd2 36. Ra6+ Ke5 37. Ra1 Rxb3 38. Re1+ Kf5 39. Bg2 Rbb2 40.
Be4+ Kg4 41. Rf1 Rxh2 42. Rf4+ Kxg3 43. Rf3+ Kg4 44. Rf6 Rhd2 45. Rf1 a5 46. Bf5+ Kg5 47. Be4 a4 0-1

[Event "*** SCC Grand Prix: Titled Tuesday Blitz"]
[Site "Chess.com"]
[Date "2020.08.11"]
[Round "5"]
[White "Crazy_girl99"]
[Black "UKR_Master"]
[Result "1-0"]
[WhiteElo "2499"]
[BlackElo "2309"]
[TimeControl "180+1"]
[EndTime "10:55:31 PDT"]
[Termination "Crazy_girl99 won by resignation"]

1. e4 c5 2. Nf3 d6 3. d4 cxd4 4.
Nxd4 Nf6 5. Nc3 e5 6. Nb3 Be7 7. Bg5 Be6 8. Bb5+ Nbd7 9. Bxf6 gxf6 10. Nd5 f5 11. exf5 Bxf5 12. Qf3 Be6 13. O-O-O O-O 14. Rhe1 f6 15. Bxd7 Bxd7 16. Nxe7+ Qxe7 17. Qxb7 Qe6 18. Nd4 Qf7 19. Nf3 Rab8 20. Qxa7 Ra8 21. Qc7 Rfc8 22. Qxd6 Bf5 23. c3 Rxa2 24. Nxe5 fxe5 25. Rxe5 Bg6 26. Qd5 Ra1+ 27. Kd2 Rxd1+ 28. Kxd1 Qxd5+ 29. Rxd5 Rb8 30. b4 Rf8 31. f3 Re8 32. Kd2 Ra8 33. b5 Ra2+ 34.
Ke3 Rxg2 35. b6 Rb2 36. Rd6 Kf7 37. c4 Ke7 38. c5 Rxh2 39. b7 Rb2 40. Rb6 1-0

[Event "*** SCC Grand Prix: Titled Tuesday Blitz"]
[Site "Chess.com"]
[Date "2020.08.11"]
[Round "5"]
[White "WPWPWP-2015"]
[Black "ehrenfeld"]
[Result "0-1"]
[WhiteElo "2389"]
[BlackElo "2551"]
[TimeControl "180+1"]
[EndTime "10:55:32 PDT"]
[Termination "ehrenfeld won by resignation"]

1. e4 e5 2. Nf3 Nc6 3. Bb5 a6 4. Bxc6 dxc6 5. O-O Qf6 6. c3 Bg4 7. h3 Bxf3 8. Qxf3 Qxf3 9. gxf3 Ne7 10. d4 Ng6 11.
Be3 O-O-O 12. Nd2 Be7 13. Rad1 Bf6 14. dxe5 Bxe5 15. Nc4 Bf4 16. Rd4 Rd7 17. Rfd1 Rhd8 18. Kf1 b6 19. Ke2 c5 20. Rxd7 Rxd7 21. Rg1 f6 22. Rg4 Bxe3 23. fxe3 b5 24. Nd2 Ne5 25. Rg3 Nd3 26. Nb3 c4 27. Nd4 Nxb2 28. f4 Na4 29.
Ne6 Nxc3+ 30. Kf3 Nxa2 31. Nxg7 c3 32. Rg2 b4 33. Nf5 b3 34. Nd4 Rxd4 35. exd4 c2 36. Rg1 c1=Q 37. Rxc1 Nxc1 38. e5 b2 39. e6 b1=Q 40.
e7 Kd7 0-1

[Event "*** SCC Grand Prix: Titled Tuesday Blitz"]
[Site "Chess.com"]
[Date "2020.08.11"]
[Round "5"]
[White "chess_rehab"]
[Black "Casablanca"]
[Result "0-1"]
[WhiteElo "2294"]
[BlackElo "2452"]
[TimeControl "180+1"]
[EndTime "10:55:32 PDT"]
[Termination "Casablanca won by resignation"]

1. e4 c5 2. Nf3 d6 3. d4 cxd4 4.
Nxd4 Nf6 5. Nc3 g6 6. Be3 Bg7 7. f3 O-O 8. Qd2 Nc6 9. O-O-O d5 10. Nxc6 bxc6 11. Bh6 Qc7 12. Bxg7 Kxg7 13. exd5 cxd5 14.
Nxd5 Nxd5 15. Qxd5 Be6 16. Qd4+ Kg8 17. Bd3 Bxa2 18.
h4 Rfd8 19. Qa4 Rac8 20. Qxa2 Rxd3 21. Qa4 Rxd1+ 22. Rxd1 h5 23. g4 hxg4 24. fxg4 Qc4 25. Qxc4 Rxc4 26. Rd7 a5 27. Rxe7 Rxg4 28. b3 Rxh4 29.
Ra7 Rh5 30. c4 Rf5 31. Rb7 Kf8 32. Kd2 g5 33. Ke3 f6 34. Ke4 Re5+ 35. Kd4 g4 36.
c5 g3 37. Rb6 Kf7 38. Rb7+ Kg6 39. Rb8 Rg5 40. c6 g2 41. Rg8+ Kf7 42. Rxg5 fxg5 43.
Kc5 g1=Q+ 44. Kd6 Ke8 45. Kc7 Qa7+ 46. Kd6 Kd8 0-1